 Dungeon Crawl Stone Soup version 0.17.1-1-g73c8601 (webtiles) character file.

77 SomeoneSimple the Conjurer (level 4, -5/31 HPs)
             Began as a Human Conjurer on Dec 31, 2015.
             Killed by nerve-wracking pain
             ... invoked by an orc priest
              (9 damage)
             ... on level 3 of the Dungeon.
             The game lasted 01:16:52 (1685 turns).

SomeoneSimple the Conjurer (Human Conjurer)         Turns: 1685, Time: 01:16:52

Health: -5/31      AC:  3    Str:  8    XL:     4   Next: 58%
Magic:  0/7        EV: 10    Int: 16    God:
Gold:   112        SH:  6    Dex: 14    Spells: 1 memorised, 7 levels left

rFire  . . .     SeeInvis .     i - +0 short sword
rCold  . . .     Clarity  .     n - +0 animal skin (curse)
rNeg   . . .     SustAt   .     j - +0 shield
rPois  .         Gourm    .     (no helmet)
rElec  .         Spirit   +     (no cloak)
rCorr  .         Warding  .     (no gloves)
rMut   .         Stasis   .     C - +0 pair of boots
MR     .....                    m - amulet of guardian spirit
Stlth  ++........               (no ring)
                                (no ring)

@: not resistant to hostile enchantments, unstealthy
A: no striking features
a: no special abilities


You were on level 3 of the Dungeon.
You were not hungry.

You visited 1 branch of the dungeon, and saw 3 of its levels.

You collected 112 gold pieces.

Inventory:

Hand Weapons
 h - a +0 hand axe
 i - a +0 short sword (weapon)
Missiles
 d - 9 poisoned needles
 g - 72 stones (quivered)
 p - 20 arrows of frost
 u - 4 curare-tipped needles
Armour
 a - a +0 robe
 j - a +0 shield (worn)
 k - a +0 chain mail
 n - a cursed +0 animal skin (worn)
 r - a +0 leather armour
 w - a +0 ring mail
 C - a +0 pair of boots (worn)
Jewellery
 m - an amulet of guardian spirit (around neck)
Scrolls
 s - 2 scrolls of teleportation {unknown}
 v - a scroll of enchant armour {unknown}
 y - 2 scrolls of identify {unknown}
 A - a scroll of remove curse {unknown}
Potions
 e - a potion of ambrosia {unknown}
 f - a potion of curing {unknown}
 o - a potion of haste {unknown}
 t - a potion of heal wounds {unknown}
 x - a potion of cancellation {unknown}
 z - a potion of flight {unknown}
Books
 b - a book of Conjurations

   Spells                             Type                      Level
   a - Magic Dart                     Conjuration                  1
   b - Searing Ray                    Conjuration                  2
   c - Dazzling Spray                 Conjuration/Hexes            3
   d - Fulminant Prism                Conjuration/Hexes            4
   e - Iskenderun's Mystic Blast      Conjuration                  4
   f - Iskenderun's Battlesphere      Conjuration/Charms           5
Comestibles
 c - a bread ration
 l - 2 beef jerkies
 q - a meat ration


   Skills:
 + Level 0.6 Fighting
 + Level 0.2 Throwing
 + Level 2.9 Dodging
 + Level 2.0 Stealth
 + Level 0.4 Shields
 + Level 2.5 Spellcasting
 + Level 4.6 Conjurations


You had 7 spell levels left.
You knew the following spells:

 Your Spells              Type           Power        Failure   Level  Hunger
a - Magic Dart            Conj           ###.         21%         1    #......


Dungeon Overview and Level Annotations

Branches:
Dungeon (3/15)

Altars:
Trog


Message History

The orc shouts!
You hit the orc.
You kill the orc!
The orc priest mumbles some strange prayers to Beogh against you.
Pain shoots through your body!
* * * LOW HITPOINT WARNING * * *
An orc and an orc wizard come into view.
Casting: Magic Dart
Confirm with . or Enter, or press ? or * to list all spells.
Aiming: Magic Dart
Press: ? - help, Shift-Dir - straight line, f - orc priest
Aim: an orc priest, wielding a falchion and wearing a leather armour The magic dart hits the orc priest.
The orc wizard shouts!
The orc priest hits you with a falchion.
* * * LOW HITPOINT WARNING * * *
An orc comes into view.
The orc priest invokes the aid of Beogh against you.
Pain shoots through your body!
You die...

#### .. ...## ...
#... ###+##
...####..### #.....
...........# #.....
...........#########
###.....
.......<..oo..@....#
......#.
#......o.#######)#
........ #....o...#
#.##########..
#...o....# #.......#
#.. #..o.....#
#######.####..
.....o.....#
#.#.....
....##....##
#....... %.o. ######
#....... ...
#.......


You could see an orc priest and 3 orcs.

Vanquished Creatures
  2 adders (D:2)
  An ooze (D:2)
  A worm (D:2)
  2 giant geckos (D:2)
  6 orcs (D:3)
  A giant cockroach (D:1)
  4 hobgoblins
  7 jackals (D:2)
  8 kobolds
  A quokka (D:3)
  6 bats
  2 giant newts
  A goblin (D:3)
  4 rats (D:2)
46 creatures vanquished.

Notes
Turn   | Place    | Note
--------------------------------------------------------------
     0 | D:1      | SomeoneSimple the Human Conjurer began the quest for the Orb.
     0 | D:1      | Reached XP level 1. HP: 13/13 MP: 3/3
   242 | D:1      | Reached XP level 2. HP: 17/19 MP: 0/5
   770 | D:2      | Reached XP level 3. HP: 15/24 MP: 0/6
  1032 | D:2      | Found a bloodstained altar of Trog.
  1092 | D:2      | Reached XP level 4. HP: 19/31 MP: 2/7
  1685 | D:3      | Killed from afar by an orc priest

Action                   |  1- 3 |  4- 6 || total
-------------------------+-------+-------++-------
Melee: Unarmed           |     4 |       ||     4
       Short sword       |    30 |    89 ||   119
Throw: Stone             |     5 |       ||     5
 Cast: Magic Dart        |    48 |    17 ||    65
  Eat: Bread ration      |     1 |       ||     1
